Map: Eternal Empire LE

Players

LiquidClem (Clem) - Winner!

  • Race: Terran Terran
  • League: Bronze
  • Spawn Location: 1:00

Stats

  • Race: Protoss Protoss
  • Spawn Location: 7:00

Event: War Chest Team League

VOD

Have the link to the VOD?

Description

Time

  • Played on: July 31, 2020, 7:42 a.m.
  • Length: 10:24

All games in this series

Show
View Real Time Build Order
Export as new Build Order

LiquidClem Terran - Winner!

Build Orders: Reaper Expand 

Get SALT Encoding   

  12  0:00  SCV  
  13  0:12  SCV  
  14  0:17  Supply Depot  
  14  0:24  SCV  
  15  0:38  SCV  
  15  0:39  Barracks  
  16  0:44  Refinery  
  16  0:50  SCV  
  17  1:02  SCV  
  18  1:15  SCV  
  19  1:26  Reaper  
  19  1:27  Orbital Command  
  20  1:43  Command Center  
  20  1:50  Supply Depot  
  21  1:58  Marine  
  21  2:02  Bunker  
  21  2:11  Factory  
  21  2:14  SCV  
  22  2:16  Marine  
  23  2:26  SCV  
  24  2:36  Barracks Reactor  
  24  2:38  SCV  
  24  2:39  Barracks  
  25  2:50  SCV  
  26  2:55  Widow Mine  
  26  2:57  Engineering Bay  
  28  3:01  Refinery  
  28  3:05  SCV  
  28  3:13  Marine x2  
  28  3:17  Orbital Command  
  28  3:20  Factory Tech Lab  
  28  3:23  SCV  
  29  3:29  Marine  
  29  3:34  Marine x2  
  30  3:38  SCV  
  30  3:41  Cyclone  
  36  3:47  SCV  
  36  3:50  SCV  
  37  3:57  Starport  
  37  3:59  Barracks Tech Lab, SCV  
  37  4:02  SCV  
  39  4:04  Marine x2  
  41  4:11  SCV  
  41  4:12  Engineering Bay  
  41  4:15  SCV  
  43  4:20  Siege Tank  
  46  4:25  Supply Depot  
  46  4:27  Marine x2  
  46  4:30  SCV  
  49  4:31  SCV  
  49  4:36  Marauder  
  52  4:45  Marine, SCV  
  52  4:46  Supply Depot, Marine, SCV  
  52  4:51  Stimpack  
  55  4:57  SCV  
  55  4:58  Refinery  
  55  4:59  Marauder  
  58  5:02  SCV  
  58  5:05  Marine x2  
  61  5:10  SCV  
  62  5:15  SCV  
  62  5:17  Supply Depot  
  63  5:22  Barracks, SCV  
  63  5:25  Marauder  
  63  5:27  SCV  
  64  5:29  Marine x2  
  64  5:34  SCV  
  64  5:35  Siege Tank  
  66  5:42  Bunker  
  66  5:43  Supply Depot  
  66  5:47  Marine x2  
  66  5:48  Marauder  
  70  5:50  SCV  
  70  5:51  SCV  
  59  6:02  SCV  
  59  6:04  Marine x2  
  59  6:09  Siege Tank  
  59  6:10  Refinery  
  64  6:13  Marauder, Barracks Tech Lab  
  64  6:14  SCV  
  64  6:15  SCV  
  68  6:23  Marine  
  68  6:24  Marine  
  68  6:27  SCV  
  65  6:34  Marauder  
  65  6:35  Marauder, SCV  
  65  6:37  Combat Shield  
  67  6:41  Supply Depot  
  67  6:43  Marine x2  
  69  6:47  Siege Tank  
  69  6:49  Supply Depot  
  69  6:51  SCV x2  
  74  6:55  Marauder  
  74  6:56  Marauder  
  74  7:00  Marine  
  76  7:02  Marine  
  76  7:03  Medivac  
  76  7:08  SCV x2  
  76  7:17  Marauder x2  
  76  7:18  Terran Infantry Weapons Level 1  
  80  7:25  Command Center  
  80  7:29  Marine x2  
  79  7:33  Siege Tank  
  82  7:37  Supply Depot  
  82  7:38  Starport Reactor  
  82  7:42  Marauder  
  82  7:44  Marauder  
  86  7:48  Supply Depot  
  86  7:49  Marine x2  
  88  7:56  Concussive Shells  
  88  7:58  Barracks  
  88  8:00  Barracks  
  88  8:01  SCV x2  
  92  8:06  Marauder  
  92  8:10  Siege Tank  
  92  8:11  Supply Depot  
  92  8:12  Marauder  
  97  8:14  Marine x2  
  97  8:17  Medivac  
  101  8:20  Medivac  
  101  8:24  Supply Depot  
  101  8:25  SCV  
  102  8:28  Missile Turret  
  102  8:29  Marauder  
  102  8:33  SCV  
  101  8:37  Marine x2  
  102  8:42  Missile Turret  
  102  8:43  Orbital Command  
  102  8:48  SCV  
  103  8:53  Marine x2  
  103  8:54  Missile Turret  
  105  8:56  Marine  
  105  9:03  Siege Tank  
  105  9:04  Marine  
  107  9:11  Viking  
  107  9:13  Marine  
  110  9:18  Marine  
  110  9:20  Orbital Command  
  110  9:22  Marine x2  
  110  9:23  Marine  
  114  9:28  Marine, SCV x2  
  117  9:33  Marine  
  118  9:40  Marauder, Marine  
  118  9:44  Siege Tank  
  124  9:47  Marauder  
  124  9:50  Marine  
  124  9:51  SCV  
  127  9:58  Missile Turret  
  127  9:59  Supply Depot  
  129  10:00  SCV  
  129  10:01  Marine  
Show
View Real Time Build Order
Export as new Build Order

Stats Protoss 

Build Orders: Blink Stalkers 

Get SALT Encoding   

  12  0:00  Probe  
  13  0:12  Probe  
  14  0:19  Pylon  
  14  0:24  Probe (Chrono Boost)  
  15  0:37  Probe (Chrono Boost)  
  15  0:38  Gateway  
  16  0:46  Pylon  
  16  0:48  Probe (Chrono Boost)  
  16  0:56  Assimilator  
  17  1:06  Gateway  
  17  1:09  Probe  
  18  1:21  Probe  
  19  1:26  Cybernetics Core  
  19  1:33  Probe  
  19  1:34  Assimilator  
  20  1:45  Probe  
  21  1:57  Probe  
  22  2:02  Stalker (Chrono Boost)  
  22  2:04  Stalker (Chrono Boost)  
  22  2:06  Shield Battery  
  26  2:10  Probe  
  26  2:13  Warp Gate  
  27  2:17  Pylon  
  27  2:24  Stalker  
  29  2:40  Twilight Council  
  29  3:06  Stalker  
  29  3:07  Robotics Facility  
  31  3:19  Probe  
  32  3:30  Blink (Chrono Boost)  
  32  3:33  Nexus  
  32  3:42  Gateway  
  32  3:45  Probe  
  31  3:56  Observer  
  31  3:59  Probe  
  33  4:09  Stalker x2  
  37  4:11  Probe  
  37  4:14  Pylon  
  38  4:23  Probe  
  39  4:34  Stalker x2  
  43  4:41  Stalker  
  43  4:44  Probe  
  46  4:46  Probe  
  46  4:50  Observer  
  47  4:56  Probe  
  47  4:58  Probe  
  49  5:01  Stalker  
  49  5:06  Stalker  
  53  5:12  Stalker  
  55  5:17  Observer (Chrono Boost)  
  55  5:24  Probe  
  57  5:38  Zealot x2  
  57  5:40  Stalker  
  62  5:43  Pylon  
  62  5:45  Pylon  
  48  6:00  Stalker  
  48  6:01  Stalker  
  52  6:04  Probe (Chrono Boost)  
  52  6:05  Stalker  
  52  6:08  Probe (Chrono Boost)  
  54  6:12  Assimilator  
  54  6:13  Assimilator  
  54  6:15  Probe (Chrono Boost)  
  54  6:16  Observer  
  56  6:18  Probe (Chrono Boost)  
  56  6:20  Probe (Chrono Boost)  
  56  6:25  Observer  
  57  6:28  Dark Shrine, Probe  
  56  6:36  Stalker  
  56  6:39  Stalker  
  60  6:40  Zealot  
  60  6:41  Probe x2  
  56  7:01  Stalker  
  56  7:02  Stalker  
  56  7:04  Stalker  
  56  7:05  Probe  
  56  7:06  Probe  
  60  7:09  Observer  
  60  7:15  Warp Prism (Chrono Boost)  
  60  7:18  Probe x2, Robotics Bay  
  60  7:21  Pylon  
  64  7:29  Gateway  
  62  7:30  Gateway  
  62  7:37  Charge  
  62  7:42  Dark Templar x2  
  66  7:54  Observer (Chrono Boost)  
  66  7:58  Nexus  
  67  7:59  Gateway  
  67  8:01  Shield Battery  
  67  8:08  Colossus (Chrono Boost)  
  73  8:14  Observer  
  73  8:17  Extended Thermal Lance  
  71  8:46  Zealot x3  
  77  8:51  Pylon  
  77  8:52  Pylon  
  77  8:54  Pylon  
  77  9:03  Shield Battery  
  77  9:05  Colossus (Chrono Boost), Shield Battery  
  83  9:12  Sentry x3, Zealot  
  83  9:13  Zealot  
  83  9:16  Gateway  
  91  9:39  Zealot x5  
  97  10:03  Zealot x2  
Tags
 
Add a new tag
Caveats
  • Supply blocks, unpowered buildings, or Contaminate may cause inaccurate times.
  • Supply counts are checked every 10 seconds.